 Dungeon Crawl Stone Soup version 0.29.1-13-g9f3cf754e1 (webtiles) character file.

Game seed: 1922490030445185976

81 Kuronicle the Insei (level 4, 0/31 HPs)
             Began as an Octopode Monk on Jan 23, 2023.
             Splashed by a jelly's acid (5 damage)
             ... on level 2 of the Dungeon.
             The game lasted 00:03:58 (2185 turns).

Kuronicle the Insei (Octopode Monk)                 Turns: 2185, Time: 00:03:59

Health: 0/31       AC: -7    Str: 12    XL:     4   Next: 40%
Magic:  4/4        EV: 14    Int: 12    God:
Gold:   137        SH:  0    Dex: 14    Spells: 3/3 levels left

rFire   + . .      SeeInvis .     - Unarmed
rCold   . . .      Faith    .   (no shield)
rNeg    . . .      Spirit   .   (helmet restricted)
rPois   .          Reflect  .   (no amulet)
rElec   .          Harm     .   c - ring of protection from fire
rCorr   .          Rampage  .   (no ring)
Will    .....                   (no ring)
Stlth   +++.......              (no ring)
HPRegen 0.10/turn               (no ring)
MPRegen 0.09/turn               (no ring)
                                (no ring)
                                (no ring)

@: corroded
A: almost no armour, amphibious, 8 rings, camouflage 1, gelatinous body 1,
(nimble swimmer 1), tentacles
a: no special abilities


You were on level 2 of the Dungeon.
You visited 1 branch of the dungeon, and saw 2 of its levels.

You collected 137 gold pieces.

Inventory:

Missiles
 h - a throwing net (quivered)
 i - 19 stones
Jewellery
 c - a ring of protection from fire (left tentacle)
Scrolls
 b - a scroll of magic mapping
 d - a scroll of silence
 e - 2 scrolls of enchant armour
 f - a scroll of teleportation
 g - a scroll of torment {unknown}
 k - a scroll of noise {unknown}
 l - a scroll of poison {unknown}
Potions
 j - a potion of curing {unknown}
 m - a potion of degeneration {unknown}


   Skills:
 * Level 3.4 Fighting
 * Level 0.2 Throwing
 * Level 3.6 Dodging
 + Level 3.3 Stealth
 * Level 3.9 Unarmed Combat
 * Level 0.1 Spellcasting


You had 3 spell levels left.
You didn't know any spells.
Your spell library was empty.

Dungeon Overview and Level Annotations

Branches:
Dungeon (2/15)

Altars:


Innate Abilities, Weirdness & Mutations

You cannot wear most types of armour.
You are amphibious.
You can wear up to eight rings at the same time.
Your skin changes colour to match your surroundings (Stealth+).
Your rubbery body absorbs attacks. (AC +1, EV +1)
((You are camouflaged when in or above water. (Stealth+)))
You have tentacles for arms and can constrict up to eight enemies at once.


Message History

You now have 137 gold pieces (gained 8).
l - a scroll labelled NUD JYARIAKEL You see here a +0 whip.
There is a stone staircase leading up here.
As you open the door, it creaks loudly!
There is an open door here.
m - a murky coppery potion You open the door.
There is an open door here.
A jelly comes into view.
Found a scroll labelled FUGOOP FUCOBLO.
A jelly is nearby!
You see here a scroll labelled FUGOOP FUCOBLO.
The helpless jelly fails to defend itself.
You bludgeon the jelly! The acid corrodes you!
Your tentacles burn!
You squeeze the jelly.
The jelly is almost dead.
The jelly hits you. The acid corrodes you!
You are splashed with acid!
You tentacle-slap the jelly but do no damage.
Your tentacles burn!
You squeeze the jelly, but do no damage.
The jelly is almost dead.
The jelly hits you.
* * * LOW HITPOINT WARNING * * *
You are splashed with acid!
* * * LOW HITPOINT WARNING * * *
You are confused.
You feel invigorated. The jelly barely misses you.
Okay, then.
You bump into the rock wall.
The jelly closely misses you.
You feel less invigorated.
You feel less confused. The jelly misses you.
You barely miss the jelly.
The jelly is almost dead.
The jelly hits you.
You are splashed with acid!
* * * LOW HITPOINT WARNING * * *
You tentacle-slap the jelly but do no damage.
The acid corrodes you!
Your tentacles burn!
You die...

..............# #.
..............# #.
..............# #.
..............# ##
.....########## #
..... # ##### #
#...# # #J@.# ###
#...# #..
#...#############..
#?..............'..
#...........#####..
#...........# #..
#...........# #..
#...........# #..
#..........## ###


You could see a jelly.

Vanquished Creatures
  2 adders (D:2)
  2 dart slugs
  3 endoplasms
  3 giant cockroaches
  6 hobgoblins
  8 jackals
  8 kobolds
  5 quokkas
  2 ball pythons (D:2)
  3 bats
  3 frilled lizards (D:2)
  5 goblins
  7 rats
57 creatures vanquished.

Vanquished Creatures (others)
  2 plants (D:1)
2 creatures vanquished.

Grand Total: 59 creatures vanquished

Notes
Turn   | Place    | Note
-------+----------+-------------------------------------------
     0 | D:1      | Kuronicle the Octopode Monk began the quest for the Orb.
     0 | D:1      | Reached XP level 1. HP: 16/16 MP: 1/1
    95 | D:1      | Reached XP level 2. HP: 20/21 MP: 2/2
   161 | D:1      | Found a faded altar of an unknown god.
   496 | D:1      | Reached XP level 3. HP: 16/26 MP: 3/3
  1487 | D:2      | Reached XP level 4. HP: 21/31 MP: 4/4
  2180 | D:2      | HP: 1/31 [acid (8)]
  2185 | D:2      | Splashed by a jelly's acid

Illustrated notes

Levels and vault maps discovered:
D:1:      minmay_arrival_wavy_path, layout_rooms,
          shapermc_ecumenical_altar_mp_urbaneastern, corner_web_ring
D:2:      layout_basic, minmay_misc_feat_tower, minmay_pentomino_w4

Skill      XL: |  1  2  3 |
---------------+----------+-----
Stealth        | 3 |  3.3
Fighting       | |  3.4
Throwing       | |  0.2
Dodging        | |  3.6
Unarmed Combat | |  3.9
Spellcasting   | |  0.1

Action                   |  1- 3 |  4- 6 || total
-------------------------+-------+-------++-------
Melee: Unarmed           |    92 |    23 ||   115
       Constrict         |    28 |     4 ||    32
       Tentacles         |    23 |     3 ||    26
       Punch             |     4 |       ||     4
  Use: Scroll            |     5 |       ||     5
       Potion            |       |     1 ||     1
 Stab: Sleeping          |     8 |     4 ||    12
Armor: Skin              |     6 |     2 ||     8
Dodge: Dodged            |    63 |    16 ||    79
